 Dungeon Crawl Stone Soup version 0.28-a0-1520-gc3277d3759 (webtiles) character file.

Game seed: 17852755791881804397

112 esteth the Skirmisher (level 4, -3/41 HPs)
             Began as a Hill Orc Fighter on Jan 17, 2022.
             Killed by divine providence
             ... invoked by an orc priest
              (8 damage)
             ... on level 3 of the Dungeon.
             The game lasted 00:03:39 (2500 turns).

esteth the Skirmisher (Hill Orc Fighter)            Turns: 2500, Time: 00:03:40

Health: -3/41      AC:  6    Str: 18    XL:     4   Next: 93%
Magic:  0/4        EV: 10    Int: 10    God:
Gold:   65         SH:  0    Dex: 10    Spells: 3/3 levels left

rFire   . . .      SeeInvis .   a - +0 war axe
rCold   + . .      Faith    .   c - +0 buckler
rNeg    . . .      Spirit   +   n - +1 leather armour {rC+}
rPois   .          Reflect  .   (no helmet)
rElec   .          Harm     .   l - +1 cloak
rCorr   .          Rampage  .   (no gloves)
Will    .....                   (no boots)
Stlth   ..........              i - amulet of guardian spirit
HPRegen 0.13/turn               (no ring)
MPRegen 0.09/turn               (no ring)

@: confused, ambrosia-drunk
A: no striking features
a: Convert to Beogh


You were on level 3 of the Dungeon.
You visited 1 branch of the dungeon, and saw 3 of its levels.

You collected 65 gold pieces.

Inventory:

Hand Weapons
 a - a +0 war axe (weapon)
Armour
 b - a +0 scale mail
 c - a +0 buckler (worn)
 l - a +1 cloak (worn)
 n - a +1 leather armour of cold resistance (worn)
Jewellery
 i - an amulet of guardian spirit (around neck)
Scrolls
 e - a scroll of amnesia {unknown}
 f - a scroll of brand weapon {unknown}
 j - a scroll of fear {unknown}
 m - a scroll of identify {unknown}
 p - a scroll of noise {unknown}
Potions
 d - 3 potions of might
 g - a potion of attraction {unknown}
 k - 2 potions of curing {unknown}
 o - 2 potions of heal wounds {unknown}


   Skills:
 + Level 4.8 Fighting
 + Level 4.3 Axes
 - Level 3.2 Armour
 + Level 4.3 Shields


You had 3 spell levels left.
You didn't know any spells.
Your spell library contained the following spells:

 Spells                   Type           Power      Damage    Failure   Level
 Airstrike                Air            0%         N/A       99%         4
 Summon Lightning Spire   Summ/Air       0%         N/A       99%         4
 Lightning Bolt           Conj/Air       0%         1d11      100%        5


Dungeon Overview and Level Annotations

Branches:
Dungeon (3/15)

Altars:
Gozag
Zin


Message History

The orc priest barely misses you.
The orc priest hits you but does no damage.
You feel less invigorated.
You bump into the tree.
The orc priest looks braver for a moment.
You closely miss the orc priest.
The orc priest is severely wounded.
The orc priest barely misses you.
You bump into the tree.
The orc priest shouts, "Beogh is our master!
Accept the truth or die!"
The orc priest hits you with a +0 falchion.
You miss the orc priest.
The orc priest is severely wounded.
The orc priest hits you with a +0 falchion.
You barely miss the orc priest.
The orc priest is severely wounded.
You feel less confused.
The orc priest hits you with a +0 falchion.
* * * LOW HITPOINT WARNING * * *
The orc priest hits you with a +0 falchion.
* * * LOW HITPOINT WARNING * * *
You barely miss the orc priest.
The orc priest is severely wounded.
The orc priest hits you with a +0 falchion.
* * * LOW HITPOINT WARNING * * *
You are confused.
You feel invigorated. The orc priest barely misses you.
You miss the orc priest.
The orc priest is severely wounded.
The orc priest mumbles some strange prayers to Beogh against you.
Beogh smites you!
* * * LOW HITPOINT WARNING * * *
You barely miss the orc priest.
The orc priest is severely wounded.
The orc priest mumbles some strange prayers to Beogh against you.
Beogh smites you!
* * * LOW HITPOINT WARNING * * *
The orc priest calls down the wrath of Beogh upon you.
Beogh smites you!
You die...

..# #........##
..######## #..#.# .....#
.........###...$##.....#
...........#..##.......#
.........#.#....<......##
..######.....)...♣..∩....
..# #.#†#....?........
..# #.#...............
(.# #.###.>..@♣.$8..8.
..# #.###....o))......
..# #.........).......
###..∩..♣..∩..8.
###...........
.............
##.♣..♣.:.).∩.
#............
#............


You could see an orc priest.

Vanquished Creatures
  An orc wizard (D:3)
  Robin (D:2)
  2 adders (D:2)
  A dart slug (D:1)
  3 orcs (D:3)
  2 endoplasms (D:2)
  6 giant cockroaches
  9 goblins
  5 hobgoblins
  2 quokkas (D:2)
  4 ball pythons
  3 bats
  2 frilled lizards (D:2)
  5 kobolds
  3 rats
49 creatures vanquished.

Notes
Turn   | Place    | Note
-------+----------+-------------------------------------------
     0 | D:1      | esteth the Hill Orc Fighter began the quest for the Orb.
     0 | D:1      | Reached XP level 1. HP: 19/19 MP: 1/1
   334 | D:1      | Reached XP level 2. HP: 26/27 MP: 2/2
  1084 | D:2      | Reached XP level 3. HP: 23/33 MP: 3/3
  2113 | D:2      | Noticed Robin
  2119 | D:2      | Reached XP level 4. HP: 38/41 MP: 4/4
  2121 | D:2      | Killed Robin
  2302 | D:3      | Found a glowing silver altar of Zin.
  2372 | D:3      | Found an opulent altar of Gozag.
  2485 | D:3      | HP: 2/41 [orc priest (3)]
  2500 | D:3      | Killed from afar by an orc priest

Illustrated notes

Levels and vault maps discovered:
D:1:      lemuel_arrival_broad_hall, layout_loops_ring, minmay_statues_item
D:2:      layout_basic, uniq_robin
D:3:      layout_loops_cross, mainiacjoe_overflow_concentric_impassable,
          grunt_gozag_breadcrumbs, hellmonk_ecumenical_altar_arch_garden

Skill      XL: |  1  2  3  4 |
---------------+-------------+-----
Axes           | 3 4 |  4.3
Fighting       | 4 |  4.8
Shields        | 4 |  4.3
Armour         | |  3.2

Action                   |  1- 3 |  4- 6 || total
-------------------------+-------+-------++-------
Melee: War axe           |   114 |    44 ||   158
  Use: Potion            |       |     2 ||     2
Armor: Scale mail        |    42 |       ||    42
       Leather armour    |    20 |     5 ||    25
Dodge: Dodged            |    51 |    29 ||    80
Block: Buckler           |    24 |    12 ||    36

Table legend: (Time is in decaauts)
 A = Elapsed time spent in this place.
 B = Non-inter-level travel time spent in this place.
 C = Inter-level travel time spent in this place.
 D = Time resting spent in this place.
 E = Time spent auto-exploring this place.
 F = Levels seen in this place.
 G = Mean time per level.
                   A        B        C        D        E       F      G
               +--------+--------+--------+--------+--------+-----+--------+
         Total |   2557 |   2548 |      9 |    229 |   1896 |   3 |  852.3 |
       Dungeon |   2557 |   2548 |      9 |    229 |   1896 |   3 |  852.3 |
               +--------+--------+--------+--------+--------+-----+--------+

Top non-repeatable levels by time:
     D:2: 1291 daAuts
     D:1: 975 daAuts
     D:3: 290 daAuts
